 Dungeon Crawl Stone Soup version 0.19.5 (webtiles) character file.

93 tilp the Charmwright (level 4, 0/29 HPs)
             Began as a Halfling Skald on Mar 24, 2017.
             Slain by a worm (7 damage)
             ... on level 3 of the Dungeon on Mar 25, 2017.
             The game lasted 00:09:26 (1631 turns).

tilp the Charmwright (Halfling Skald)               Turns: 1631, Time: 00:09:26

Health: 0/29       AC:  3    Str: 13    XL:     4   Next: 92%
Magic:  1/7        EV: 13    Int: 11    God:
Gold:   141        SH:  4    Dex: 13    Spells: 1 memorised, 6 levels left

rFire  . . .     SeeInvis .     a - +0 falchion
rCold  . . .     Gourm    .     b - +0 leather armour
rNeg   . . .     Faith    .     k - +0 buckler
rPois  .         Spirit   .     (no helmet)
rElec  .         Reflect  .     (no cloak)
rCorr  .         Harm     .     (no gloves)
MR     .....                    (no boots)
Stlth  +.........               m - amulet of magic regeneration
                                (no ring)
                                (no ring)

@: lethally poisoned (0 -> -4), infused
A: mutation resistance 1
a: no special abilities


You were on level 3 of the Dungeon.
You were not hungry.

You visited 1 branch of the dungeon, and saw 3 of its levels.

You collected 141 gold pieces.

Inventory:

Hand Weapons
 a - a +0 falchion (weapon)
Missiles
 h - 178 stones (quivered)
Armour
 b - a +0 leather armour (worn)
 k - a +0 buckler (worn)
Jewellery
 m - an amulet of magic regeneration (around neck)
 s - an uncursed ring of flight {unknown}
Scrolls
 e - a scroll of fear {unknown}
 i - 3 scrolls of remove curse {unknown}
 j - 2 scrolls of recharging {unknown}
 n - a scroll of teleportation {unknown}
 q - 2 scrolls of identify {unknown}
 t - a scroll of enchant armour {unknown}
Potions
 g - a potion of lignification {unknown}
 l - 2 potions of curing {unknown}
 o - a potion of cancellation {unknown}
 r - a potion of mutation {unknown}
Books
 c - a book of Battle

   Spells                             Type                      Level
   a - Infusion                       Charms                       1
   b - Shroud of Golubria             Charms/Translocation         2
   c - Song of Slaying                Charms                       2
   d - Spectral Weapon                Hexes/Charms                 3
   e - Regeneration                   Charms/Necromancy            3
Comestibles
 d - a bread ration
 f - 7 chunks of flesh
 p - a meat ration


   Skills:
 + Level 1.9 Fighting
 + Level 2.7 Long Blades
 + Level 1.8 Armour
 + Level 1.7 Dodging
 + Level 1.2 Stealth
 + Level 2.0 Spellcasting
 + Level 4.1 Charms


You had 6 spell levels left.
You knew the following spells:

 Your Spells              Type           Power        Failure   Level  Hunger
a - Infusion              Chrm           ##..         12%         1    ##.....


Dungeon Overview and Level Annotations

Branches:
Dungeon (3/15)

Altars:


Innate Abilities, Weirdness & Mutations

You are small and have problems with some larger weapons.
You are somewhat resistant to further mutation.


Message History

The worm is moderately wounded.
Your shield prevents you from hitting the adder.
The adder is heavily wounded.
You feel sick. The adder bites you.
* * * LOW HITPOINT WARNING * * *
You block the adder's attack.
You hit the adder!
You kill the adder!
Your Spellcasting skill increases to level 2!
You block the worm's attack.
You hit the worm.
The worm is heavily wounded.
The worm closely misses you.
You hit the worm.
The worm is heavily wounded.
You feel sick.
You hit the worm!
The worm is almost dead.
The worm bites you!
You die...

##############
#............#
#............#
+............#
#........†...#
#.......w@...#
.............#
.............#
.....#########
.####


You could see a worm.

Vanquished Creatures
  4 adders
  A worm (D:2)
  A dart slug (D:1)
  2 leopard geckos (D:2)
  3 bats
  3 giant cockroaches
  7 goblins
  6 hobgoblins
  4 jackals (D:1)
  5 kobolds
  A quokka (D:2)
  A ball python (D:2)
  7 frilled lizards
  3 rats
48 creatures vanquished.

Notes
Turn   | Place    | Note
-------+----------+-------------------------------------------
     0 | D:1      | tilp the Halfling Skald began the quest for the Orb.
     0 | D:1      | Reached XP level 1. HP: 14/14 MP: 3/3
    55 | D:1      | Reached XP level 2. HP: 18/19 MP: 4/4
   293 | D:1      | Reached XP level 3. HP: 13/24 MP: 5/5
   408 | D:1      | Reached skill level 4 in Charms
  1083 | D:2      | Reached XP level 4. HP: 20/29 MP: 6/6
  1096 | D:2      | Found a faded altar of an unknown god.
  1251 | D:2      | Reached skill level 1 in Stealth
  1631 | D:3      | Slain by a worm

Skill      XL: |  1  2  3  4 |
---------------+-------------+-----
Charms         | 4 |  4.1
Stealth        | 1 |  1.2
Spellcasting   | 2 |  2.0
Fighting       | |  1.9
Long Blades    | |  2.7
Armour         | |  1.8
Dodging        | |  1.7

Action                   |  1- 3 |  4- 6 || total
-------------------------+-------+-------++-------
Melee: Falchion          |    81 |    71 ||   152
 Cast: Infusion          |     3 |     1 ||     4
 Stab: Sleeping          |     2 |       ||     2
  Eat: Chunk             |     1 |     2 ||     3
Armor: Leather armour    |    16 |    14 ||    30
Dodge: Dodged            |    58 |    59 ||   117
Block: Buckler           |     5 |    16 ||    21
       Rpst.: Falchion   |    23 |    16 ||    39
